 Dungeon Crawl Stone Soup version 0.19.0-19-g8c6edcc (webtiles) character file.

270 Monkfish the Cutter (level 6, -1/57 HPs)
             Began as a Kobold Berserker on Nov 13, 2016.
             Was a Priest of Trog.
             Slain by a river rat (5 damage)
             ... in a sewer.
             The game lasted 00:04:07 (3243 turns).

Monkfish the Cutter (Kobold Berserker)              Turns: 3243, Time: 00:04:08

Health: -1/57      AC:  3    Str: 21    XL:     6   Next: 46%
Magic:  6/6        EV: 16    Int:  8    God:    Trog [***...]
Gold:   129        SH:  0    Dex: 15    Spells: 0 memorised, 5 levels left

rFire  + . .     SeeInvis .     a - +1 short sword
rCold  . . .     Gourm    .     b - +1 animal skin
rNeg   . . .     Faith    +     (shield restricted)
rPois  .         Spirit   .     (no helmet)
rElec  .         Reflect  .     (no cloak)
rCorr  .         Harm     .     (no gloves)
MR     .....                    (no boots)
Stlth  ..........               f - amulet of faith
                                (no ring)
                                p - ring of protection from fire

@: berserking, very quick
A: carnivore 3
a: Berserk, Trog's Hand, Burn Spellbooks, Renounce Religion


You were in a sewer.
You worshipped Trog.
Trog was most pleased with you.
You were not hungry.

You visited 1 branch of the dungeon, and saw 4 of its levels.
You also visited: Sewer.

You collected 129 gold pieces.

Inventory:

Hand Weapons
 a - a +1 short sword (weapon)
Armour
 b - a +1 animal skin (worn)
Jewellery
 f - an amulet of faith (around neck)
 k - an uncursed ring of protection from magic {unknown}
 p - a ring of protection from fire (left hand)
Scrolls
 d - 3 scrolls of teleportation
 e - 2 scrolls of identify
 g - 6 scrolls of remove curse
 m - a scroll of magic mapping
Potions
 i - 2 potions of flight
 j - 3 potions of brilliance
 l - a potion of agility {unknown}
Comestibles
 c - 3 meat rations
 h - a beef jerky


   Skills:
 + Level 4.2 Fighting
 + Level 6.1 Short Blades
 - Level 1.5 Armour
 + Level 3.8 Dodging
 * Level 4.5 Stealth


You had 5 spell levels left.
You didn't know any spells.

Dungeon Overview and Level Annotations

Branches:
Dungeon (4/15)
 Temple: D:4-7

Altars:
Hepliaklqana
Okawaru


Innate Abilities, Weirdness & Mutations

You are small and have problems with some larger weapons.
You are carnivorous and can eat meat at any time.


Message History

Unknown command.
You closely miss the river rat. The rat bites you.
The river rat closely misses you. The rat closely misses you.
You hit the river rat but do no damage. The rat misses you.
The river rat bites you.
You hit the river rat but do no damage. The rat bites you.
You closely miss the river rat. The rat completely misses you.
The river rat bites you. The rat closely misses you.
You hit the river rat.
The river rat is moderately wounded.
The rat misses you. The river rat bites you!
* * * LOW HITPOINT WARNING * * *
The rat misses you.
You are too injured to fight recklessly!
A red film seems to cover your vision as you go berserk!
You feel yourself moving faster!
You feel mighty!
You feel a lot more hungry. The rat bites you.
* * * LOW HITPOINT WARNING * * *
The river rat bites you.
You die...

##.......≈≈≈.
##........≈≈≈.
#..#......≈≈≈
#.###......≈≈
#∩###......≈≈
####.....≈≈≈≈
##......≈≈≈
#.......≈≈≈
#@r.....≈≈≈
#.rr...≈≈≈≈≈
#.......≈≈≈≈
#.....≈≈≈≈≈≈
##.....≈≈≈≈
##....≈≈≈≈
...≈≈≈≈
...≈≈≈≈


You could see a river rat and 2 rats.

Vanquished Creatures
  A phantom (D:4)
  A worker ant zombie (D:3)
  6 adders
  2 river rats (Sewer)
  An ooze (D:1)
  3 worms
  6 dart slugs
  2 leopard geckos
  An orc (D:3)
  A ball python (D:1)
  6 bats
  5 giant cockroaches
  13 hobgoblins
  A quokka (D:3)
  2 frilled lizards
  5 goblins
  15 kobolds
  A leopard gecko skeleton (D:4)
  12 rats
84 creatures vanquished.

Notes
Turn   | Place    | Note
-------+----------+-------------------------------------------
     0 | D:1      | Monkfish the Kobold Berserker began the quest for the Orb.
     0 | D:1      | Reached XP level 1. HP: 14/14 MP: 1/1
    65 | D:1      | Reached XP level 2. HP: 14/19 MP: 2/2
   165 | D:1      | Reached skill level 1 in Stealth
   190 | D:1      | Reached XP level 3. HP: 17/24 MP: 3/3
   259 | D:1      | Reached ** piety under Trog
   590 | D:2      | Reached XP level 4. HP: 16/29 MP: 4/4
   781 | D:2      | Reached skill level 5 in Short Blades
  1521 | D:2      | Found a hazy altar of Hepliaklqana.
  2237 | D:3      | Reached XP level 5. HP: 27/33 MP: 5/5
  2385 | D:3      | Found an iron altar of Okawaru.
  2663 | D:4      | Noticed a phantom
  2698 | D:4      | Killed a phantom
  2698 | D:4      | Reached XP level 6. HP: 38/38 MP: 6/6
  2866 | D:4      | Found a glowing drain.
  2898 | D:4      | Reached *** piety under Trog
  2903 | D:4      | Reached skill level 6 in Short Blades
  2950 | Sewer    | Entered a sewer
  3243 | Sewer    | Slain by a river rat

Skill      XL: |  1  2  3  4  5  6 |
---------------+-------------------+-----
Stealth        | 1 2 3 4 |  4.5
Fighting       | 4 |  4.2
Short Blades   | 5 6 |  6.1
Dodging        | 3 |  3.8
Armour         | |  1.5

Action                   |  1- 3 |  4- 6 || total
-------------------------+-------+-------++-------
Melee: Short sword       |    95 |   204 ||   299
Invok: Berserk           |       |     5 ||     5
       Trog's Hand       |       |     1 ||     1
  Use: Scroll            |     4 |     5 ||     9
       Potion            |     2 |     2 ||     4
 Stab: Distracted        |     1 |       ||     1
       Sleeping          |     2 |     5 ||     7
  Eat: Chunk             |     3 |    11 ||    14
Armor: Animal skin       |    16 |    14 ||    30
Dodge: Dodged            |    64 |   146 ||   210
